 Dungeon Crawl Stone Soup version 0.27.0-1-g7a089689b8 (webtiles) character file.

Game seed: 9328892620315485178

49 Crazydiamond the Sneak (level 3, -1/33 HPs)
             Began as a Vampire Enchanter on Aug 16, 2021.
             Was a Follower of Makhleb.
             Slain by an orc priest (6 damage)
             ... on level 3 of the Dungeon.
             The game lasted 00:12:13 (2786 turns).

Crazydiamond the Sneak (Vampire Enchanter)          Turns: 2786, Time: 00:12:14

Health: -1/33      AC: 21    Str:  7    XL:     3   Next: 51%
Magic:  6/6        EV:  2    Int: 17    God:    Makhleb [*.....]
Gold:   111        SH:  0    Dex: 15    Spells: 2/6 levels left

rFire    . . .     SeeInvis +   l - +0 short sword
rCold    . . .     Faith    .   (no shield)
rNeg     + + +     Spirit   .   (armour currently unavailable)
rPois    +         Reflect  .   (helmet currently unavailable)
rElec    .         Harm     .   (cloak currently unavailable)
rCorr    .         Rampage  .   (gloves currently unavailable)
Will     .....     NoTele   +   (boots currently unavailable)
Stlth    +++.......             (no amulet)
HPRegen  0.31/turn              (no ring)
MPRegen  0.10/turn              (no ring)

@: tree-form, healing quickly
A: stationary, stasis, torment immunity, boosted hp, alive, (fangs 3), see
invisible, vampiric 2, [frail 1]
a: Exsanguinate, Renounce Religion


You were on level 3 of the Dungeon.
You worshipped Makhleb.
Makhleb was aware of your devotion.
You were a tree.
You visited 1 branch of the dungeon, and saw 3 of its levels.

You collected 111 gold pieces.

Inventory:

Hand Weapons
 a - a +1 dagger
 l - a +0 short sword (weapon)
Missiles
 g - 74 stones
 h - 4 boomerangs
Armour
 b - a +0 robe (melded)
 d - a +0 helmet (melded)
Scrolls
 c - 2 scrolls of teleportation {unknown}
 e - a scroll of blinking {unknown}
 f - a scroll of fear {unknown}
 i - a scroll of identify {unknown}
 j - a scroll of torment {unknown}
 k - a scroll of magic mapping {unknown}


   Skills:
 + Level 0.6 Fighting
 + Level 1.5 Short Blades
 + Level 2.5 Dodging
 + Level 5.3 Stealth
 + Level 2.0 Spellcasting
 + Level 5.2 Hexes


You had 2 spell levels left.
You knew the following spells:

 Your Spells              Type           Power      Damage    Failure   Level
a - Corona                Hex            21%        N/A       2%          1
b - Confusing Touch       Hex            19%        N/A       7%          3

Your spell library contained the following spells:

 Spells                   Type           Power      Damage    Failure   Level
 Ensorcelled Hibernation  Hex/Ice        20%        N/A       10%         2
 Animate Skeleton         Necr           2%         N/A       19%         1
 Foxfire                  Conj/Fire      4%         2x1d4     19%         1
 Pain                     Necr           4%         1d4       19%         1
 Tukima's Dance           Hex            19%        N/A       7%          3
 Dazzling Flash           Conj/Hex       20%        N/A       21%         3
 Inner Flame              Hex/Fire       10%        N/A       21%         3
 Conjure Flame            Conj/Fire      1%         6-21      50%         3
 Vampiric Draining        Necr           0%         2d6       50%         3


Dungeon Overview and Level Annotations

Branches:
Dungeon (3/15)

Altars:
Makhleb

Shops:
D:2 [


Innate Abilities, Weirdness & Mutations

You are a tree.
Your roots penetrate the ground, keeping you stationary.
You cannot be teleported.
You are immune to unholy pain and torment.
Your maximum health is greatly increased.
Your equipment is partially melded.
Your natural rate of healing is accelerated.
((You have razor-sharp teeth.))
You have supernaturally acute eyesight. (SInv)
You are afflicted with vampirism and can become a bat while bloodless.
[You are frail. (-10% HP)]


Message History

The orc hits you with a +0 dagger.
You barely miss the orc.
The orc is heavily wounded.
The orc hits you with a +0 dagger.
You closely miss the orc.
The orc is heavily wounded.
The orc closely misses you.
You hit the orc but do no damage. Your bite misses the orc.
The orc is heavily wounded.
The orc hits you with a +0 dagger. The orc hits you but does no damage.
You hit the orc.
The orc is severely wounded.
The orc hits you with a +0 dagger.
You hit the orc. Your bite misses the orc.
The orc is almost dead.
The orc hits you with a +0 dagger.
* * * LOW HITPOINT WARNING * * *
The orc priest shouts!
You hit the orc but do no damage.
The orc is almost dead.
The orc hits you with a +0 dagger.
* * * LOW HITPOINT WARNING * * *
You barely miss the orc. Your bite misses the orc.
The orc is almost dead.
The orc hits you with a +0 dagger.
* * * LOW HITPOINT WARNING * * *
You hit the orc.
You kill the orc!
Makhleb accepts your kill.
Things that are here:
a +0 dagger; a fuming black potion; an orc corpse It was a potion of lignification.
You turn into a tree.
Your +0 helmet melds into your body.
Your +0 robe melds into your body.
Your roots penetrate the ground.
You cannot move.
An orc priest is nearby!
The orc priest casts a cantrip, but nothing happens.
You hit the orc priest but do no damage.
The orc priest hits you with a +0 mace.
You die...

#.....#.......#
..#####.#####.#
#.# #####.#####
#.........# ##
#.........# #...
#.........##...#
#........o...#
#........♣##.#
#........)# ..
#.........# ##
#.<...>...#
###########


You could see an orc priest.

Vanquished Creatures
  An adder (D:2)
  2 worms
  A dart slug (D:2)
  2 orcs (D:3)
  3 bats
  An endoplasm (D:2)
  A giant cockroach (D:1)
  3 goblins
  4 hobgoblins (D:1)
  3 kobolds
  A quokka (D:2)
  2 frilled lizards
  5 rats (D:1)
29 creatures vanquished.

Vanquished Creatures (others)
  A withered plant (D:1)
1 creature vanquished.

Grand Total: 30 creatures vanquished

Notes
Turn   | Place    | Note
-------+----------+-------------------------------------------
     0 | D:1      | Crazydiamond the Vampire Enchanter began the quest for the
                  | Orb.
     0 | D:1      | Reached XP level 1. HP: 13/13 MP: 3/3
   294 | D:1      | Reached XP level 2. HP: 16/19 MP: 5/5
   341 | D:1      | Found a faded altar of an unknown god.
   434 | D:1      | Became a worshipper of Makhleb the Destroyer
   434 | D:1      | Reached * piety under Makhleb
  1051 | D:1      | You fall into a shaft and drop 1 floor!
  1051 | D:2      | Found Xash's Antique Armour Boutique.
  1054 | D:2      | Reached skill level 5 in Stealth
  1054 | D:2      | Reached skill level 5 in Hexes
  1160 | D:2      | Gained mutation: You are afflicted with vampirism and can
                  | become a bat while bloodless. [Vampire growth]
  1160 | D:2      | Reached XP level 3. HP: 4/25 MP: 6/6
  2670 | D:3      | Learned a level 3 spell: Confusing Touch
  2786 | D:3      | Slain by an orc priest

Illustrated notes

Levels and vault maps discovered:
D:1:      dpeg_arrival_boxorama, layout_basic, shapermc_ecumenical_altar_gd
D:2:      layout_rooms, serial_shops, nicolae_shop_crystal,
          minmay_misc_feat_plants
D:3:      layout_rooms

Skill      XL: |  1  2 |
---------------+-------+-----
Stealth        | 5 |  5.3
Hexes          | 5 |  5.2
Fighting       | |  0.6
Short Blades   | |  1.5
Dodging        | |  2.5
Spellcasting   | |  2.0

Action                   || total
-------------------------++-------
Melee: Dagger            ||   134
       Bite              ||    20
       Short sword       ||    35
 Cast: Corona            ||     5
 Abil: Exsanguinate      ||     1
       Revivify          ||     1
  Use: Potion            ||     1
 Stab: Sleeping          ||     5
       Distracted        ||     2
Armor: Robe              ||    26
Dodge: Dodged            ||    79
